Cogmind - Beta 15 @@@ ROGUE MODE // 2025.05.05 @ 20:52:54 Player: Phosphorus Result: Self-destructed Performance ------------- Evolutions (2) 1000 Regions Visited (3) 600 Robots Destroyed (30) 150 Value Destroyed (653) 653 Prototype IDs (13) 260 Alien Tech Used (0) 0 Bonus (0) 0 TOTAL SCORE: 2663 Bonus ------- None Cogmind --------- Core Integrity 507/550 Matter 255/300 Energy 78/200 System Corruption 0% Temperature Cool (0) Movement Treading (160) Location -8/Materials Parts ------- > --- POWER (1) -------- Subdweller Power Source > --- PROPULSION (4) --- Light Treads Light Treads Light Treads Improved Treads > --- UTILITY (4) ------ Disposable Heat Sink High-capacity Storage Unit > --- WEAPON (2) ------- Subdweller Beam Cannon Barrage Gun > --- INVENTORY (20) --- Ion Engine Ion Engine Subdweller Power Source Light Treads Aluminum Leg Aluminum Leg Compact Wheel Compact Wheel Flight Unit Small Matter Pod (50) Power Bank Medium Laser Small Laser Light Assault Rifle Light Cannon Grenade Launcher Grenade Launcher Mining Laser Mace Peak State ------------ > --- POWER ------------ Subdweller Power Source > --- PROPULSION ------- Light Treads Light Treads Light Treads Improved Treads > --- UTILITY ---------- Disposable Heat Sink High-capacity Storage Unit > --- WEAPON ----------- Subdweller Beam Cannon Barrage Gun > --- INVENTORY -------- Ion Engine Ion Engine Subdweller Power Source Light Treads Aluminum Leg Aluminum Leg Compact Wheel Compact Wheel Flight Unit Small Matter Pod Power Bank Medium Laser Small Laser Light Assault Rifle Light Cannon Grenade Launcher Grenade Launcher Mining Laser [Rating: 17] Favorites ----------- Power Subdweller Power Source Engine Subdweller Power Source Propulsion Light Treads Treads Light Treads Wheel Compact Wheel Utility High-capacity Storage Unit Device Seismic Detector Storage High-capacity Storage Unit Weapon Subdweller Beam Cannon Energy Gun Medium Laser Energy Cannon Subdweller Beam Cannon Ballistic Gun Barrage Gun Special Weapon Mining Laser Build | -11 -10 -10 -8 ------- Run | Yrd Mat Sub Mat Slots Evolved 4 | . . . 4 Power . | . . . . Propulsion 2 | . . . 2 Utility 2 | . . . 2 Weapon . | . . . . Parts Attached 24 | 8 1 10 5 Power 3 | 1 . 2 . Engine 3 | 1 . 2 . Core . | . . . . Reactor . | . . . . Propulsion 8 | 2 . 3 3 Treads 6 | 2 . 1 3 Leg . | . . . . Wheel 2 | . . 2 . Hover . | . . . . Flight . | . . . . Utility 4 | 2 1 . 1 Device 2 | 1 . . 1 Storage 2 | 1 1 . . Processor . | . . . . Hackware . | . . . . Protection . | . . . . Artifact . | . . . . Weapon 9 | 3 . 5 1 Energy Gun 3 | 3 . . . Energy Cannon 3 | . . 2 1 Ballistic Gun 2 | . . 2 . Ballistic Cannon . | . . . . Launcher . | . . . . Special Weapon 1 | . . 1 . Impact Weapon . | . . . . Slashing Weapon . | . . . . Piercing Weapon . | . . . . Special Melee Weapon . | . . . . Unidentified Prototypes . | . . . . Parts Lost 4 | . . 4 . Power . | . . . . Propulsion 1 | . . 1 . Utility 1 | . . 1 . Weapon 2 | . . 2 . Highest Loss Streak 3 | . . 3 . To Critical Strikes . | . . . . Average Backups 17 | 4 12 19 17 Power 2 | . 1 3 3 Propulsion 5 | 2 4 5 4 Utility 1 | . . 2 2 Weapon 7 | . 4 8 7 Tool/Special . | . . . . Unused Backups 20 | 3 1 5 11 Power 5 | 1 . 3 1 Propulsion 4 | 1 . . 3 Utility 4 | . 1 1 2 Weapon 7 | 1 . 1 5 Tool/Special . | . . . . Average Slot Usage (%) 97 | . 100 99 75 Engine 13 | . 14 14 9 Treads 27 | . 28 27 24 Wheel 1 | . . . 9 Device 13 | . 14 13 7 Storage 13 | . 14 14 9 Energy Gun 5 | . 28 1 . Energy Cannon 12 | . . 15 7 Ballistic Gun 6 | . . 7 7 Special Weapon 2 | . . 2 . Peak Build Rating 17 | 7 8 13 17 Average Rating 11 | 5 7 11 15 On Entrance 5 | . 7 8 8 Naked Turns . | . . . . Heaviest Build 62 | 15 50 62 57 Greatest Support 83 | 40 40 40 83 Greatest Overweight (x) 3 | . 1 3 1 Average Overweight (x) . | . . 1 . Largest Inventory Capacity 20 | 8 20 20 20 Average Capacity 18 | 7 14 20 20 Most Carried 20 | 8 18 20 20 Average Carried 17 | 4 12 19 17 Final Capacity 20 | 8 20 20 20 Final Carried 20 | 7 18 20 19 Class Distribution -------------------- 93% | Mutant 6% | Scavenger-Mutant Dominant Class ---------------- Mutant | -10/Materials Mutant | -10/Subcaves Scavenger-Mutant | -8/Materials Resources | -11 -10 -10 -8 ----------- Run | Yrd Mat Sub Mat Matter Collected 588 | 280 60 145 103 Remotely . | . . . . Salvage Created 1110 | 176 192 433 309 Parts 71 | 13 8 31 19 Haulers Intercepted 1 | . 1 . . Recyclers Shooed . | . . . . Parts Field Recycled . | . . . . Retrieved Matter . | . . . . Parts Self-Destructed 8 | . . 8 . Prevented . | . . . . Kills | -11 -10 -10 -8 ------- Run | Yrd Mat Sub Mat Combat Hostiles Destroyed 21 | . 5 11 5 Guns 8 | . 5 1 2 Cannons 10 | . . 8 2 Classes Destroyed 7 | 2 3 1 1 Tunneler 5 | 5 . . . Hauler 1 | . 1 . . Recycler 3 | 1 . . 2 Swarmer 8 | . 3 2 3 Grunt 2 | . 2 . . Sentry 2 | . . . 2 Subdweller 9 | . . 9 . Best Kill Streak 4 | 2 4 2 3 Combat Bots Only 4 | . 4 2 3 Max Kills in Single Turn 2 | 1 2 1 1 Gunslinging 1 | . 1 . . Exploded . | . . . . Melee . | . . . . Uniques/NPCs Destroyed . | . . . . Combat | -11 -10 -10 -8 -------- Run | Yrd Mat Sub Mat Hostile Shots Fired 89 | . 14 48 27 Missed 26 | . 3 14 9 Hits 63 | . 11 34 18 Projectile 63 | . 11 34 18 AOE 2 | . . 2 . Critical Strikes 1 | . . 1 . Damage Taken 1111 | . 102 849 160 Core 234 | . 23 168 43 Absorbed by Shields . | . . . . Core Remaining (%) 61 | 100 . 23 . Volleys Fired 76 | 12 11 38 15 Largest 2 | 2 2 2 2 Hottest 160 | 100 100 160 108 Shots Fired 131 | 24 22 55 30 Gun 71 | 24 22 10 15 Cannon 53 | . . 38 15 Launcher . | . . . . Special 7 | . . 7 . Kinetic 25 | . . 10 15 Thermal 104 | 22 22 45 15 Explosive . | . . . . Electromagnetic 2 | 2 . . . Robot Hit Streak 30 | 7 9 30 3 Robot Miss Streak 4 | 3 1 1 4 Penetration Max . | . . . . Secondary Targets 1 | . 1 . . Max Gunslinging Chain 1 | . 1 . . Shots Hit Robots 82 | 17 15 36 14 Core Hits 31 | 6 9 11 5 Critical Kills 3 | . . 2 1 Critical Parts Destroyed 1 | . . . 1 Critical Strikes 8 | 1 3 2 2 Burn 4 | 1 3 . . Meltdown 3 | . . 2 1 Destroy 1 | . . . 1 Melee Attacks . | . . . . Impact . | . . . . Slashing . | . . . . Piercing . | . . . . Sneak Attacks . | . . . . Combat Hostiles . | . . . . Follow-up Attacks . | . . . . Damage Inflicted 1643 | 213 201 866 363 Guns 643 | 213 201 109 120 Cannons 988 | . . 757 231 Explosions . | . . . . Melee . | . . . . Ramming 12 | . . . 12 Kinetic 229 | . . 109 120 Thermal 1374 | 185 201 757 231 Explosive . | . . . . Electromagnetic 28 | 28 . . . Impact . | . . . . Slashing . | . . . . Piercing . | . . . . Highest Corruption . | . . . . Average Corruption . | . . . . Corruption Purged . | . . . . Corruption Blocked . | . . . . Overload Shots . | . . . . Overflow Damage 1 | . . . 1 Projectiles 1 | . . . 1 Explosions . | . . . . Melee . | . . . . Knockbacks . | . . . . Impact . | . . . . Kinetic . | . . . . Secondary . | . . . . Self-Inflicted Damage . | . . . . Shots . | . . . . Rammed 1 | . . . 1 Targets Rammed 2 | . . . 2 Kicked . | . . . . Crushed 1 | . . . 1 Highest Temperature 197 | 156 135 174 197 Average Temperature 58 | 53 60 42 82 Received Heat Transfer 204 | . 24 171 9 Siege Activations . | . . . . Martial Activations . | . . . . Shielding Activations . | . . . . Robots Disrupted . | . . . . Combat Hostiles . | . . . . Robots Corrupted . | . . . . Combat Hostiles . | . . . . Parts Fried . | . . . . Impact Corruptions . | . . . . Robots Melted 3 | . . 2 1 Combat Hostiles 3 | . . 2 1 Parts Melted 14 | 2 4 6 2 Heat Transferred 2738 | 629 814 999 296 Parts Sabotaged . | . . . . Parts Stolen . | . . . . Parts Stripped . | . . . . Power Chain Reactions . | . . . . Alert | -11 -10 -10 -8 ------- Run | Yrd Mat Sub Mat Maximum Alert Level . | . . . . Low Security (%) 100 | 100 100 . 100 Level 1 . | . . . . Level 2 . | . . . . Level 3 . | . . . . Level 4 . | . . . . Level 5 . | . . . . High Security . | . . . . Max Security . | . . . . Peak Influence 97 | 10 80 . 97 Initial . | . . . . Average 12 | . 15 . 18 Influence Increases 406 | 30 127 70 179 Destroy 0b10 Robot/C 240 | . 100 40 100 Destroy 0b10 Robot/NC 45 | 30 5 . 10 Destroy Leader 42 | . 22 . 20 Successful Hack 12 | . . . 12 Destroy Structure 7 | . . . 7 Lose Combat Pursuer 60 | . . 30 30 Influence Decreases 297 | 30 127 70 70 Time Decay 297 | 30 127 70 70 Squads Dispatched 2 | . 1 . 1 Investigation 1 | . . . 1 Extermination . | . . . . Reinforcement 1 | . 1 . . Assault . | . . . . Garrison . | . . . . Intercept . | . . . . Searches Triggered . | . . . . Construction Impeded . | . . . . Haulers Reinforced . | . . . . Active Scanning Responses . | . . . . Cargo Convoy Interrupts . | . . . . Stealth | -11 -10 -10 -8 --------- Run | Yrd Mat Sub Mat Distress Signals 2 | . 1 . 1 Communications Jammed . | . . . . Distress Signals . | . . . . Times Spotted 33 | . 9 15 9 Peak Tracking Total 7 | . 4 7 5 Tactical Retreats 3 | . . 1 2 Traps | -11 -10 -10 -8 ------- Run | Yrd Mat Sub Mat Traps Triggered . | . . . . Indirectly . | . . . . Trap Hack Attempts . | . . . . Triggered . | . . . . Disarmed . | . . . . Reprogrammed . | . . . . Reused . | . . . . Traps Extracted . | . . . . Installed . | . . . . Triggered . | . . . . Machines | -11 -10 -10 -8 ---------- Run | Yrd Mat Sub Mat Machines Disabled 1 | . . 1 . Max in Single Turn 1 | . . 1 . Machines Repaired . | . . . . Machines Dismantled . | . . . . Machines Sabotaged . | . . . . Overloaded Fab Kills . | . . . . Hacking | -11 -10 -10 -8 --------- Run | Yrd Mat Sub Mat Machines Accessed 4 | . 2 1 1 Terminals 3 | . 2 . 1 Fabricators . | . . . . Repair Stations . | . . . . Recycling Units . | . . . . Scanalyzers . | . . . . Garrison Access . | . . . . Total Hacks 19 | . 6 9 4 Successful 15 | . 3 9 3 Failed 4 | . 3 . 1 Catastrophic . | . . . . Database Lockouts . | . . . . Manual 6 | . 4 . 2 Terminals 10 | . 6 . 4 Fabricators . | . . . . Repair Stations . | . . . . Recycling Units . | . . . . Scanalyzers . | . . . . Garrison Access . | . . . . Terminal Hacks 12 | . 1 9 2 Record 8 | . . 8 . Prototype ID Bank 1 | . . . 1 Branch Access Points 1 | . . . 1 Zone Layout 1 | . 1 . . Proto ID Catalog 1 | . . 1 . Fabricator Hacks . | . . . . Repair Station Hacks . | . . . . Recycling Unit Hacks . | . . . . Scanalyzer . | . . . . Garrison Access Hacks . | . . . . Unauthorized Hacks 3 | . 2 . 1 Terminals 3 | . 2 . 1 Skim 3 | . 2 . 1 Fabricators . | . . . . Repair Stations . | . . . . Recycling Units . | . . . . Scanalyzers . | . . . . Garrison Access . | . . . . Data Cores Recovered . | . . . . Used . | . . . . Hacking Detections 3 | . 2 . 1 Full Trace Events 1 | . . . 1 Feedback Events . | . . . . Feedback Blocked . | . . . . Robot Schematics Acquired . | . . . . Robots Built . | . . . . Authchips . | . . . . Time . | . . . . Total Robot Build Rating . | . . . . Part Schematics Acquired . | . . . . Parts Built . | . . . . Authchips . | . . . . Time . | . . . . Total Part Build Rating . | . . . . Parts Repaired . | . . . . Time . | . . . . Parts Recycled . | . . . . Recycled Matter . | . . . . Retrieved Matter . | . . . . Retrieved Components . | . . . . Parts Scanalyzed . | . . . . Part Schematics Acquired . | . . . . Parts Damaged . | . . . . Bothacking | -11 -10 -10 -8 ------------ Run | Yrd Mat Sub Mat Used RIF Installer . | . . . . Robots Hacked . | . . . . Non-combat . | . . . . Combat . | . . . . Robot Hacks Applied . | . . . . Relay Couplers Released . | . . . . Fabnet Peak Effective % . | . . . . Robots Rewired . | . . . . Allies Hacked . | . . . . Hacks Repelled . | . . . . Allies | -11 -10 -10 -8 -------- Run | Yrd Mat Sub Mat Total Allies . | . . . . Largest Group . | . . . . Highest-Rated Group . | . . . . Highest-Rated Ally . | . . . . Total Orders . | . . . . Ally Attacks . | . . . . Total Damage . | . . . . Kills . | . . . . Allies Corrupted . | . . . . Allies Melted . | . . . . Intel | -11 -10 -10 -8 ------- Run | Yrd Mat Sub Mat Active Infowar (turns) 3187 | 32 565 2590 . Seismic 3187 | 32 565 2590 . Robot Analysis Total . | . . . . Derelict Logs Recovered 1 | . . 1 . Drone Launches . | . . . . Drone Recoveries . | . . . . Exploration | -11 -10 -10 -8 ------------- Run | Yrd Mat Sub Mat Turns Passed 3731 | 274 565 2648 244 Spaces Moved 1445 | 146 172 1039 88 Core 16 | 16 . . . Treads 1376 | 130 172 996 78 Legs . | . . . . Wheels 53 | . . 43 10 Hover . | . . . . Flight . | . . . . Fastest Speed 50 | 50 160 115 115 Average Speed 219 | 147 204 235 183 Slowest Speed 240 | 160 240 240 240 Overloaded Moves . | . . . . Propulsion Burnouts . | . . . . Robots Hopped . | . . . . Potential Cave-ins . | . . . . Cave-ins Triggered . | . . . . Exploration Rate (%) 23 | 8 27 50 8 Regions Visited 3 Branch Regions 1 Pre-discovered Areas . | . . . . Known Exits Taken . | . . . . Unknown Exits Taken 3 | 1 1 1 . Scrap Searched 2 | . . 2 . Spaces Dug . | . . . . Terrain Destroyed 8 | . . 1 7 Melee . | . . . . Projectile 8 | . . 1 7 AOE . | . . . . Terrain Rammed . | . . . . Walls Destroyed . | . . . . Machines Disabled . | . . . . Actions | -11 -10 -10 -8 --------- Run | Yrd Mat Sub Mat Total 1857 | 178 365 1175 139 Wait 261 | . 168 70 23 Move 1442 | 145 171 1038 88 Hop . | . . . . Pick Up 31 | 10 12 8 1 Fast Attach 9 | 7 . 1 1 Attach 6 | . . 1 5 Detach 2 | . . 1 1 Swap 16 | 1 1 11 3 Drop 12 | 3 2 7 . Fire 76 | 12 11 38 15 Melee . | . . . . Ram . | . . . . Kick . | . . . . Crush 2 | . . . 2 Escape Stasis . | . . . . Rewire . | . . . . Trap . | . . . . Miscellaneous . | . . . . Route ------- -11/Scrapyard -10/Materials (discovered 3 exits: [Mat] / [*Min] / *Sub) -10/Subcaves (discovered 3 exits: *Mat x2 / Rec) -8/Materials History --------- Turn | Location | Event 7 | -11/Scrapyard | Discovered new exit (range 16) 275 | -11/Scrapyard | Entered Materials 333 | -10/Materials | Build established: Mutant 518 | -10/Materials | Discovered new exit (range 14) 722 | -10/Materials | Discovered new exit (range 19) 815 | -10/Materials | Discovered new exit (range 4) 840 | -10/Materials | Entered Subcaves 841 | -10/Subcaves | Approached by a straggling Scientist 862 | -10/Subcaves | Identified exit to Recycling 949 | -10/Subcaves | Shifting Twisted Machinery released Riot Gun 950 | -10/Subcaves | Shifting Twisted Machinery released Barrage Gun 2147 | -10/Subcaves | Discovered new exit (range 11) 2452 | -10/Subcaves | Visited 4L-MR0's lab 2482 | -10/Subcaves | Found Power Bank 2835 | -10/Subcaves | Ambushed by Subdweller buried in earth 2840 | -10/Subcaves | Core integrity fell below 50% 3166 | -10/Subcaves | Discovered new exit (range 6) 3430 | -10/Subcaves | A Subdweller sparked back to life 3430 | -10/Subcaves | A Subdweller sparked back to life 3430 | -10/Subcaves | A Subdweller sparked back to life 3481 | -10/Subcaves | Lost 3 parts (1u2w) 3488 | -10/Subcaves | Entered Materials 3488 | -8/Materials | Evolved 4 slots: Propulsion x2, Utility x2 3732 | -8/Materials | Self-destructed Last Messages --------------- 03705_ U-05 Engineer builds a Wall. 03707_ Acquired 11 matter. 03712_ R-06 Scavenger collects Lgt. Ion Engine. 03722_ Slammed into S-10 Pest. 03727_ Y-45 Defender destroyed. 03732_ Connecting with Terminal... 03732_ Current location identified: Materials >>Trojan(Skim) Trojan loaded successfully. Testing... Terminal linked with 0 systems. Please expand to 4 more systems! >>Access(Branch) No branch access points found. >>Prototypes Downloading prototype IDs... Hvy. Deuterium Engine Adv. Beam Cannon 03732_ ALERT: Suspicious activity at Terminal M007. Dispatching Investigation squad. Map ----- +----------------------------------------------------+ | ??????????????????????????????????? | | ??????????????????????????????????? | | ??????????????????????????????????? | | ??????????????????????????????????? | | ??????????????????????????????????? | | ??????????????????????????????????? | | ??????????????????????????????????? | | ??????????????????????????????????? | | ??????????????????????????????????? | | ??????????????????????????????????? | | ??????????????????????????????????? | | ??????????????????????????????????? | | ???????????? ???????????????????? | | ???????????? #??????????????????? | | ???????????? ??????????????????? | | ???????????? ??????????????????? | | ???????????? ??????????????????? | | ???????????? #??????????????????? | | ???????????? #??????????????????? | | ???????????# +??????????????????? | | ???????????# #??????????????????? | | ???????????# #??????????????????? | | ???????????# #??????????????????? | | ?########### #??????????????????? | | ?#! [ T # #??????????????????? | | #[%! @# #??????????????????? | | #=* ![ r +??????????????????? | | ?#* [ [! # #??????????????????? | | ?###########u #??????????????????? | | ??# # ########???????????? | | ??# /= # ## #???????????? | | ??# # ## #???????????? | | ??# # ## #???????????? | | ??# + #?? =!=#???????????? | | ??# # #####+##### | | ??# # %%=! * | | ??# # ########### | | ??# %[# #??????????????????? | | ??#######+## #??????????????????? | | ???????##%## #??????????????????? | | ????????#*?# #??????????????????? | | ?########+## #??????????????????? | | ?# # #??????????????????? | | ?# # #??????????????????? | | ?# """ # #??????????????????? | | ?# """"" + #??????????????????? | | ?# """"" # # #????????????????? | | ?# """"" # + #???????????????? | | ?# """ # # ##???????????????? | | ?# ! # ###????????????????? | +----------------------------------------------------+ Best States ------------- Heat Dissipation 31 Coolant Potential 50 Energy Generation 15 Energy Capacity 250 Matter Stores 300 Matter Capacity 300 Sight Range 16 Terrain Scan Density 10 Evasion (%) 50 Recoil Reduction 4 Item Schematics ----------------- None Robot Schematics ------------------ None Fabricated ------------ Nothing Repaired ---------- Nothing Alien Tech Used ----------------- None Achievements -------------- None Challenges ------------ None Game ------ Seed CommFieldthrustBox Manual? 0 Play Time 00:17:32 Cumulative 155.6 hours Start 2025.05.05 @ 20:32:37 End 2025.05.05 @ 20:52:54 Sessions 3 Manual Loads 0 Difficulty Rogue Special Mode None Game No. 89 Rogue 89 Adventurer 0 Explorer 0 Win Type - Total 5 Types 2/0/1/1/0/0/0/1/0/0 Lore% 68 Gallery% 66 Achievement% 64 Wizard Run 0 Options --------- Layout 0 ASCII 0 Keyboard 1 Movement Numpad Keybinds 0 Fullscreen 1 Font 18/SmallcapsGlow Map View 76x50 Zoom Use 0% Tactical HUD 1 Map Filters NONE Filters NONE Steam 1 RUN: 7d30c66d-3d57-4a32-901f-154f39240e9a